Map: King Sejong Station LE

Players

TheSuperRad

  • Race: Terran Terran
  • League: Bronze
  • Spawn Location: 5:00

Fropez - Winner!

  • Race: Protoss Protoss
  • League: Silver
  • Spawn Location: 11:00

VOD

Have the link to the VOD?

Description

Time

  • Played on: June 28, 2016, 3:03 p.m.
  • Length: 17:49
Show
View Real Time Build Order
Export as new Build Order

TheSuperRad Terran 

Build Orders: Reaper Expand 

Get SALT Encoding   

  12  0:01  SCV  
  13  0:15  SCV  
  14  0:24  Supply Depot  
  14  0:27  SCV  
  15  0:45  Refinery  
  15  0:48  Barracks  
  15  0:51  SCV  
  16  1:05  SCV  
  17  1:18  SCV  
  18  1:37  Supply Depot  
  18  1:51  Orbital Command  
  18  1:57  Marine  
  19  2:05  Engineering Bay  
  19  2:19  Refinery  
  19  2:20  Reaper  
  20  2:40  Factory  
  20  2:48  Command Center  
  20  2:49  SCV  
  21  2:52  Reaper  
  22  3:03  SCV  
  23  3:26  Barracks Tech Lab  
  23  3:30  Factory Reactor  
  23  3:42  Barracks  
  23  3:56  Missile Turret  
  23  4:16  Missile Turret  
  24  4:19  SCV  
  24  4:35  SCV  
  24  4:38  Missile Turret  
  25  4:47  SCV  
  26  4:57  Missile Turret  
  27  5:00  SCV  
  27  5:05  Marine x2  
  27  5:07  Barracks Reactor  
  27  5:10  Cyclone  
  27  5:12  SCV  
  32  5:15  Terran Infantry Weapons Level 1, Missile Turret  
  32  5:21  Armory  
  32  5:23  Marine x2  
  32  5:24  SCV  
  35  5:32  Starport  
  35  5:36  Barracks  
  35  5:40  Supply Depot  
  35  5:45  Cyclone  
  39  6:00  Marine x2, Barracks  
  39  6:01  Marine x2  
  39  6:02  Missile Turret  
  43  6:09  SCV  
  44  6:21  SCV, Missile Turret  
  45  6:33  SCV  
  45  6:39  Barracks Tech Lab  
  46  6:43  Missile Turret  
  46  6:45  SCV  
  47  6:50  Starport  
  47  6:57  SCV  
  47  6:58  Barracks Reactor  
  48  7:01  Barracks Reactor  
  48  7:06  Supply Depot  
  48  7:08  Supply Depot  
  48  7:12  Orbital Command  
  48  7:32  Bunker  
  48  7:35  Siege Tank  
  51  7:39  Marine x3  
  51  7:40  Marine x2  
  51  7:41  Marine  
  57  7:45  Viking x2  
  57  7:48  Stimpack  
  58  8:46  Viking x2  
  58  8:47  Marine x2  
  58  8:48  Marine x3  
  65  8:49  Marine  
  65  8:50  Marauder  
  65  8:54  Engineering Bay  
  70  8:56  Terran Vehicle Weapons Level 1  
  66  9:21  Cyclone  
  70  9:29  Supply Depot  
  70  9:39  Refinery  
  70  9:51  Marine x6, Viking  
  70  9:52  Supply Depot  
  78  9:58  Supply Depot  
  78  10:08  Missile Turret  
  78  10:09  Supply Depot  
  78  10:14  Marine, Viking, Supply Depot, Medivac  
  83  10:20  Cyclone  
  87  10:46  Marine x5  
  87  10:47  Marine x2  
  87  10:49  Medivac  
  96  10:51  Viking x2  
  100  11:03  Marine, Command Center  
  100  11:04  Marine x4  
  105  11:19  Medivac  
  105  11:21  Marine, Viking  
  110  11:31  Marine  
  107  11:42  SCV  
  102  11:54  SCV  
  86  12:06  SCV  
  69  12:14  Marine x5  
  69  12:15  Marine  
  73  12:17  Medivac  
  73  12:18  Medivac x2  
  73  12:19  Terran Vehicle Weapons Level 2  
  73  12:22  Terran Infantry Weapons Level 2  
  79  12:34  SCV  
  80  12:46  SCV  
  65  12:58  SCV  
  55  13:05  Marine x2  
  55  13:06  Marine x2  
  55  13:07  Marine x3  
  54  13:23  Marine x3  
  57  13:38  Cyclone  
  57  13:40  Marine x2  
  57  13:41  Marine x5  
  58  13:58  Marine x4  
  58  13:59  Marine x3  
  65  14:16  Marine x4  
  65  14:17  Marine x3  
  72  14:34  Marine x6  
  52  16:42  Marine x5  
  57  16:50  Supply Depot  
  55  16:59  Marine  
  55  17:00  Marine x3  
  48  17:17  Marine  
  48  17:18  Marine x3  
Show
View Real Time Build Order
Export as new Build Order

Fropez Protoss - Winner!

Build Orders: Nexus First, Oracle Opening 

Get SALT Encoding   

  12  0:02  Probe (Chrono Boost)  
  13  0:23  Pylon  
  13  0:27  Probe (Chrono Boost)  
  14  0:38  Probe (Chrono Boost)  
  15  0:48  Probe (Chrono Boost)  
  16  1:03  Nexus  
  16  1:12  Gateway  
  16  1:15  Probe (Chrono Boost)  
  17  1:27  Probe (Chrono Boost)  
  18  1:42  Probe (Chrono Boost)  
  19  1:48  Assimilator  
  19  1:52  Probe (Chrono Boost), Assimilator  
  19  1:53  Pylon  
  20  2:02  Cybernetics Core  
  20  2:10  Pylon  
  20  2:11  Probe (Chrono Boost)  
  21  2:16  Probe (Chrono Boost)  
  22  2:32  Probe (Chrono Boost)  
  22  2:33  Probe (Chrono Boost)  
  23  2:38  Warp Gate  
  23  2:41  Gateway  
  23  2:55  Probe x2 (Chrono Boost)  
  23  2:56  Stargate  
  25  2:59  Assimilator  
  25  3:05  Probe x2 (Chrono Boost)  
  27  3:16  Probe (Chrono Boost), Mothership Core (Chrono Boost)  
  30  3:22  Pylon  
  30  3:26  Probe (Chrono Boost)  
  31  3:37  Assimilator  
  31  3:39  Oracle  
  34  3:45  Probe x2 (Chrono Boost)  
  36  3:53  Gateway  
  37  3:55  Probe (Chrono Boost)  
  37  4:01  Stargate  
  38  4:03  Probe (Chrono Boost)  
  38  4:06  Probe (Chrono Boost)  
  38  4:07  Pylon  
  39  4:13  Probe (Chrono Boost)  
  42  4:19  Oracle  
  42  4:23  Probe (Chrono Boost)  
  44  4:29  Probe (Chrono Boost)  
  44  4:31  Gateway  
  45  4:36  Protoss Air Weapons Level 1  
  45  4:55  Phoenix x2  
  48  5:06  Probe (Chrono Boost)  
  50  5:07  Probe (Chrono Boost)  
  50  5:15  Adept x3  
  50  5:16  Probe (Chrono Boost)  
  50  5:17  Probe (Chrono Boost)  
  50  5:20  Phoenix  
  60  5:27  Probe (Chrono Boost)  
  60  5:28  Probe (Chrono Boost)  
  62  5:37  Adept x2  
  62  5:39  Probe (Chrono Boost)  
  62  5:40  Probe (Chrono Boost)  
  68  5:53  Phoenix  
  70  6:01  Nexus  
  70  6:05  Pylon  
  70  6:23  Phoenix  
  72  6:26  Phoenix  
  72  6:29  Protoss Air Armor Level 1 (Chrono Boost)  
  74  6:35  Fleet Beacon  
  74  6:38  Robotics Facility  
  74  6:43  Probe (Chrono Boost)  
  75  6:47  Assimilator  
  75  6:48  Phoenix  
  75  6:53  Assimilator  
  77  6:56  Pylon  
  77  7:09  Pylon  
  77  7:11  Pylon, Phoenix (Chrono Boost)  
  77  7:14  Probe x2 (Chrono Boost)  
  81  7:18  Phoenix (Chrono Boost)  
  83  7:25  Observer  
  83  7:28  Anion Pulse-Crystals (Chrono Boost)  
  84  7:32  Phoenix  
  86  7:39  Gateway  
  86  7:40  Probe  
  86  7:42  Phoenix  
  89  7:45  Pylon  
  89  7:46  Probe  
  89  7:48  Probe  
  91  8:04  Protoss Air Weapons Level 2  
  91  8:16  Phoenix  
  91  8:20  Phoenix  
  91  8:23  Observer  
  96  8:36  Stargate x2  
  89  9:07  Nexus  
  89  9:08  Tempest  
  89  9:11  Assimilator  
  89  9:14  Tempest  
  89  9:15  Assimilator  
  97  9:17  Pylon  
  97  9:20  Pylon  
  97  9:21  Tempest  
  101  9:34  Probe  
  101  9:35  Probe x2  
  101  9:37  Zealot  
  101  9:38  Zealot x4  
  112  9:44  Pylon  
  114  9:48  Pylon  
  114  9:52  Tempest  
  114  9:55  Forge  
  114  9:57  Gateway  
  114  9:58  Tempest  
  114  9:59  Gateway  
  122  10:02  Tempest  
  126  10:07  Probe x2  
  126  10:09  Probe  
  129  10:15  Tempest  
  133  10:50  Protoss Air Weapons Level 3  
  133  11:00  Tempest  
  133  11:01  Forge  
  133  11:05  Tempest  
  133  11:06  Tempest  
  145  11:11  Pylon  
  145  11:20  Tempest  
  149  11:30  Protoss Shields Level 1 (Chrono Boost)  
  137  11:44  Zealot x4  
  137  11:45  Zealot x3  
  117  12:09  Tempest  
  117  12:14  Tempest  
  117  12:15  Tempest  
  129  12:16  Tempest  
  129  12:18  Probe  
  129  12:19  Probe  
  135  12:28  Probe  
  136  12:30  Pylon, Probe  
  124  13:17  Zealot x5  
  124  13:18  Zealot x2  
  136  13:25  Probe x2  
  136  13:26  Probe x2, Protoss Ground Weapons Level 1 (Chrono Boost)  
  134  13:34  Twilight Council  
  134  13:37  Pylon, Probe  
  134  13:38  Probe x3  
  134  13:41  Pylon  
  138  13:43  Pylon  
  138  13:48  Gateway  
  138  13:52  Zealot x3  
  138  13:53  Zealot x4  
  152  13:59  Probe  
  152  14:00  Probe x2  
  155  14:19  Nexus  
  155  14:23  Assimilator  
  155  14:26  Assimilator, Tempest  
  159  14:49  Charge  
  157  15:06  Protoss Shields Level 2 (Chrono Boost)  
  119  15:32  Zealot x2  
  119  15:33  Zealot x6  
  119  15:35  Probe  
  133  15:36  Probe x3  
  137  15:48  Probe x2  
  137  15:49  Probe  
  122  16:06  Zealot  
  122  16:07  Zealot x5  
  122  16:11  Zealot x4  
  123  16:12  Zealot  
  125  16:19  Zealot x3  
  131  16:41  Probe  
  131  16:42  Probe  
  131  16:44  Probe  
  131  16:45  Nexus  
  134  16:55  Pylon  
  134  16:57  Pylon  
  134  17:30  Nexus  
  134  17:32  Assimilator  
  134  17:36  Assimilator  
  134  17:40  Pylon  
  134  17:42  Pylon  
Tags
 
Add a new tag
Caveats
  • Supply blocks, unpowered buildings, or Contaminate may cause inaccurate times.
  • Supply counts are checked every 10 seconds.